 Dungeon Crawl Stone Soup version 0.27-a0-931-g5a74e75d8f (webtiles) character file.

Game seed: 11900190139460102581

8 Alarkh the Insei (level 2, 22/22 HPs)
             Began as a Demonspawn Gladiator on Apr 10, 2021.
             Got out of the dungeon alive.
             The game lasted 00:00:18 (535 turns).

Alarkh the Insei (Demonspawn Gladiator)              Turns: 535, Time: 00:00:19

Health: 22/22      AC:  4    Str: 14    XL:     2   Next: 0%
Magic:  2/2        EV: 12    Int:  9    God:
Gold:   0          SH:  0    Dex: 14    Spells: 1/1 levels left

rFire    . . .     SeeInvis .     - Unarmed
rCold    . . .     Faith    .   (no shield)
rNeg     . . .     Spirit   .   a - +0 leather armour
rPois    .         Reflect  .   b - +0 helmet
rElec    .         Harm     .   (no cloak)
rCorr    .         Rampage  .   (no gloves)
Will     .....                  (no boots)
Stlth    +.........             (no amulet)
HPRegen  0.07/turn              (no ring)
MPRegen  0.08/turn              (no ring)

@: no status effects
A: sanguine armour 1
a: no special abilities


You escaped.
You visited 1 branch of the dungeon, and saw 1 of its levels.

Inventory:

Missiles
 c - 3 throwing nets (quivered)
Armour
 a - a +0 leather armour (worn)
 b - a +0 helmet (worn)
Scrolls
 e - 2 scrolls of teleportation {unknown}
 f - a scroll of silence {unknown}
 g - a scroll of noise {unknown}
 h - a scroll of identify {unknown}
 j - a scroll of magic mapping {unknown}
Potions
 d - a potion of magic {unknown}
 i - a potion of cancellation {unknown}


   Skills:
 + Level 2.2 Fighting
 - Level 1.7 Throwing
 - Level 2.6 Dodging
 * Level 3.1 Unarmed Combat


You had one spell level left.
You didn't know any spells.
Your spell library was empty.

Dungeon Overview and Level Annotations

Branches:
Dungeon (1/15)

Altars:


Innate Abilities, Weirdness & Mutations

When seriously injured, your bleeding wounds create armour. (AC +0)


Message History

Your leather armour prevents you from hitting the kobold.
The kobold misses you.
You hit the kobold.
The kobold is severely wounded.
The kobold hits you with a +0 whip.
You closely miss the kobold.
The kobold is severely wounded.
The kobold barely misses you.
You closely miss the kobold.
The kobold is severely wounded.
The kobold completely misses you.
You hit the kobold but do no damage.
The kobold is severely wounded.
You closely miss the kobold.
The kobold is severely wounded.
The kobold hits you with a +0 whip.
You are too injured to fight recklessly!
You are too injured to fight recklessly!
A kobold is nearby!
A kobold is nearby!
You are too injured to fight recklessly!
You hit the kobold but do no damage.
The kobold is severely wounded.
The kobold hits you but does no damage.
You closely miss the kobold.
The kobold is severely wounded.
The kobold barely misses you.
You hit the kobold.
You kill the kobold!
You have reached level 2!
Your demonic ancestry asserts itself...
You feel your blood ready itself to protect you.
Your blood congeals into armour.
Your blood armour dries and flakes away.
You see here a +0 dagger.
You open the door.
There is an open door here.
There is a staircase leading out of the dungeon here.
Are you sure you want to leave the Dungeon?
This will make you lose the game!
You have escaped!

#......... ########
#.....>... ####......####
##........ ##............##
#........
#..(...####....###........
##....#######....##........
##....##.....##...###.....[#
#....###..##.###..###......#
#....##..##@.###..##.......#
#....##...###'#..###......##
#....###...###...##.......#
##....##........###......##
#.....###....####.......#
##.....########........##
##......####.........##
##.................##
###.............###


There were no monsters in sight!

Vanquished Creatures
  A giant cockroach (D:1)
  2 hobgoblins (D:1)
  A kobold (D:1)
  2 ball pythons (D:1)
  A bat (D:1)
  A goblin (D:1)
8 creatures vanquished.

Notes
Turn   | Place    | Note
-------+----------+-------------------------------------------
     0 | D:1      | Alarkh the Demonspawn Gladiator began the quest for the
                  | Orb.
     0 | D:1      | Reached XP level 1. HP: 16/16 MP: 1/1
   264 | D:1      | Reached skill level 3 in Unarmed Combat
   364 | D:1      | Gained mutation: When seriously injured, your bleeding
                  | wounds create armour. (AC +0) [demonic ancestry]
   364 | D:1      | Reached XP level 2. HP: 12/22 MP: 2/2
   535 | D:$      | Got out of the dungeon alive.

Illustrated notes

Levels and vault maps discovered:
D:1:      dpeg_arrival_snail, layout_loops_corners

Skill      XL: |  1 |
---------------+----+-----
Unarmed Combat | 3 |  3.1
Fighting       | |  2.2
Throwing       | |  1.7
Dodging        | |  2.6

Action                   || total
-------------------------++-------
Melee: Unarmed           ||    34
Armor: Leather armour    ||    14
Dodge: Dodged            ||    24

Table legend: (Time is in decaauts)
 A = Elapsed time spent in this place.
 B = Non-inter-level travel time spent in this place.
 C = Inter-level travel time spent in this place.
 D = Time resting spent in this place.
 E = Time spent auto-exploring this place.
 F = Levels seen in this place.
 G = Mean time per level.
                   A        B        C        D        E       F      G
               +--------+--------+--------+--------+--------+-----+--------+
         Total |    532 |    363 |    169 |      0 |    296 |   1 |  532.0 |
       Dungeon |    532 |    363 |    169 |      0 |    296 |   1 |  532.0 |
               +--------+--------+--------+--------+--------+-----+--------+

Top non-repeatable levels by time:
     D:1: 532 daAuts
